Map: Abyssal Reef LE

Players

Nerchio - Winner!

  • Race: Zerg Zerg
  • Spawn Location: 5:00

Malcolm

  • Race: Zerg Zerg
  • Spawn Location: 11:00

Event: IEM XI Katowice - World Championship 2017

VOD

Have the link to the VOD?

Description

Time

  • Played on: Feb. 28, 2017, 3:42 a.m.
  • Length: 9:21

All games in this series

Show
View Real Time Build Order
Export as new Build Order

Nerchio Zerg - Winner!

Build Orders: Pool First 

Get SALT Encoding   

  12  0:00  Drone  
  13  0:13  Overlord  
  13  0:17  Drone  
  14  0:32  Drone x2  
  17  0:35  Drone  
  17  0:46  Spawning Pool  
  17  0:49  Drone  
  17  0:57  Drone  
  18  1:13  Hatchery  
  18  1:16  Extractor  
  18  1:17  Drone  
  17  1:21  Drone  
  18  1:32  Queen  
  20  1:34  Zergling x2  
  21  1:40  Drone  
  22  1:50  Overlord  
  22  2:08  Queen, Drone  
  24  2:12  Drone  
  26  2:16  Metabolic Boost  
  26  2:23  Drone  
  26  2:29  Zergling x2  
  28  2:33  Drone  
  28  2:35  Drone  
  30  2:42  Baneling Nest  
  30  2:43  Queen, Drone  
  32  2:48  Overlord  
  31  2:53  Zergling x2  
  31  2:56  Zergling x2  
  33  3:03  Drone x3  
  36  3:07  Zergling x2  
  37  3:16  Zergling x2  
  38  3:20  Overlord  
  38  3:26  Baneling  
  38  3:27  Baneling  
  38  3:32  Zergling x2  
  39  3:34  Zergling x2  
  39  3:39  Drone  
  39  3:40  Drone  
  41  3:44  Drone x2  
  41  3:46  Drone  
  44  3:50  Drone  
  44  3:51  Hatchery, Drone  
  45  3:56  Zergling x4  
  46  4:04  Roach Warren  
  46  4:05  Zergling x2  
  46  4:07  Zergling x2  
  46  4:09  Zergling x2  
  48  4:12  Overlord  
  48  4:23  Drone x3  
  51  4:25  Extractor  
  50  4:32  Overlord  
  50  4:35  Drone x3  
  50  4:38  Drone x3  
  55  4:39  Evolution Chamber  
  55  4:48  Overlord  
  55  4:49  Roach  
  57  4:54  Lair  
  57  4:55  Extractor  
  57  4:56  Roach  
  58  5:01  Drone x2  
  58  5:03  Drone x2  
  58  5:06  Zerg Missile Weapons Level 1  
  62  5:12  Roach  
  64  5:15  Drone  
  64  5:16  Roach  
  64  5:17  Roach  
  64  5:21  Overlord  
  69  5:26  Roach  
  69  5:27  Roach  
  73  5:30  Roach  
  73  5:32  Overlord  
  75  5:41  Drone  
  75  5:42  Roach x2  
  82  5:50  Roach  
  82  5:51  Overlord  
  81  6:01  Overlord  
  80  6:08  Roach  
  80  6:09  Roach  
  80  6:10  Roach x2  
  83  6:13  Roach x4  
  83  6:15  Overlord  
  83  6:16  Glial Reconstitution  
  83  6:17  Overlord  
  89  6:20  Overseer  
  89  6:21  Roach  
  89  6:22  Roach  
  89  6:24  Roach  
  95  6:28  Ravager  
  95  6:30  Overlord  
  96  6:37  Drone  
  96  6:38  Drone x3  
  96  6:39  Extractor  
  99  6:45  Roach x4  
  107  6:48  Roach  
  107  6:50  Roach  
  107  6:52  Roach  
  109  6:55  Roach  
  109  6:59  Roach x2  
  99  7:01  Roach  
  99  7:05  Roach  
  99  7:07  Roach  
  95  7:09  Roach  
  95  7:13  Roach  
  95  7:15  Roach  
  87  7:17  Roach  
  87  7:19  Roach  
  87  7:22  Roach  
  86  7:25  Roach  
  86  7:27  Roach  
  84  7:30  Roach  
  84  7:33  Roach  
  82  7:37  Drone x3  
  82  7:39  Drone  
  82  7:41  Drone  
  82  7:43  Drone  
  88  7:44  Drone  
  89  7:53  Drone  
  89  7:54  Drone  
  89  7:56  Drone x2  
  93  8:02  Roach x2  
  97  8:06  Roach  
  97  8:07  Roach  
  97  8:08  Roach  
  97  8:12  Roach x2  
  107  8:16  Queen  
  109  8:21  Roach x2, Ravager  
  109  8:22  Ravager x2  
  109  8:24  Roach  
  120  8:27  Roach  
  120  8:28  Overlord  
  120  8:31  Overlord  
  120  8:32  Extractor  
  119  8:38  Roach  
  119  8:39  Overlord  
  119  8:40  Overlord  
  121  8:50  Roach x5  
  121  8:53  Roach  
  121  8:55  Roach  
  135  9:00  Roach x3  
Show
View Real Time Build Order
Export as new Build Order

Malcolm Zerg 

Build Orders: Hatch First 

Get SALT Encoding   

  12  0:00  Drone  
  13  0:13  Overlord  
  13  0:17  Drone  
  14  0:31  Drone x2  
  14  0:35  Drone  
  17  0:52  Hatchery  
  17  0:55  Drone  
  17  0:57  Drone  
  18  1:09  Extractor  
  17  1:12  Spawning Pool  
  17  1:16  Drone  
  17  1:20  Drone  
  18  1:28  Drone  
  19  1:38  Overlord  
  19  1:59  Queen  
  19  2:00  Zergling x4  
  23  2:03  Queen  
  23  2:04  Zergling x2  
  26  2:08  Metabolic Boost  
  26  2:11  Drone  
  26  2:15  Drone  
  28  2:22  Drone  
  29  2:28  Drone  
  30  2:34  Queen  
  32  2:38  Roach Warren  
  31  2:44  Overlord  
  30  3:18  Roach x6  
  42  3:21  Drone  
  42  3:25  Overlord  
  43  3:33  Overlord  
  43  3:45  Drone x8  
  51  3:53  Drone x4  
  55  4:10  Hatchery  
  55  4:16  Drone x4  
  58  4:19  Extractor  
  58  4:21  Extractor  
  58  4:22  Overlord  
  56  4:29  Overlord x2  
  56  4:38  Overlord  
  56  4:41  Overlord  
  56  4:50  Roach x3  
  56  4:51  Roach x2  
  65  5:04  Roach x5  
  74  5:10  Overlord  
  74  5:17  Roach x3  
  80  5:22  Roach  
  80  5:23  Roach  
  84  5:29  Ravager  
  84  5:30  Ravager x2  
  87  5:36  Ravager  
  87  5:37  Zergling x10  
  91  5:56  Roach  
  91  5:57  Roach x5  
  98  6:06  Zergling x10  
  98  6:09  Zergling x2  
  98  6:10  Zergling x2  
  95  6:11  Ravager  
  95  6:16  Ravager  
  92  6:18  Zergling x2  
  92  6:19  Zergling x4  
  96  6:25  Ravager  
  96  6:28  Zergling x8  
  100  6:33  Zergling x2, Ravager  
  100  6:35  Zergling x2  
  103  6:40  Zergling x6  
  103  6:44  Unknown  
  105  6:53  Roach x3  
  93  7:01  Roach x3  
  93  7:07  Roach  
  93  7:08  Zergling x2  
  87  7:16  Roach  
  87  7:19  Zergling x2  
  87  7:20  Zergling x8  
  85  7:25  Zergling x2  
  85  7:27  Zergling x4  
  82  7:31  Zergling x2  
  82  7:32  Zergling x2  
  70  7:43  Roach x4  
  73  7:49  Roach  
  73  7:54  Roach x2  
  73  7:55  Ravager  
  73  7:56  Ravager  
  77  8:02  Roach  
  75  8:09  Roach x2  
  79  8:16  Ravager  
  79  8:17  Ravager x2  
  79  8:18  Roach  
  79  8:19  Roach  
  84  8:28  Roach x2  
  84  8:29  Roach  
  90  8:38  Roach  
  90  8:39  Roach x2  
  96  8:47  Zergling x8  
  97  8:50  Ravager  
  96  9:00  Zergling x8  
  96  9:01  Zergling x2  
  96  9:02  Ravager  

Tags
 
Add a new tag
Caveats
  • Supply blocks, unpowered buildings, or Contaminate may cause inaccurate times.
  • Supply counts are checked every 10 seconds.